 Dungeon Crawl Stone Soup version 0.28-a0-2-g643f2454ad (webtiles) character file.

Game seed: 12121041074807962733

233 Spaninq the Vandal (level 5, 0/26 HPs)
             Began as a Spriggan Arcane Marksman on July 22, 2021.
             Was an Initiate of Gozag.
             Hit by a boomerang thrown by an orc warrior (8 damage)
             ... on level 4 of the Dungeon.
             The game lasted 00:27:29 (5254 turns).

Spaninq the Vandal (Spriggan Arcane Marksman)       Turns: 5254, Time: 00:27:30

Health: 0/26       AC:  5    Str:  7    XL:     5   Next: 75%
Magic:  8/8        EV: 19    Int: 17    God:    Gozag
Gold:   250        SH:  0    Dex: 18    Spells: 4/6 levels left

rFire   . . .      SeeInvis +   j - +11 double sword of the Boar {freeze, +Blink Int+3 Dex+2}
rCold   + . .      Faith    .   (shield currently unavailable)
rNeg    . . .      Spirit   .   d - +0 robe
rPois   +          Reflect  .   (helmet restricted)
rElec   .          Harm     .   f - +2 cloak {rPois}
rCorr   .          Rampage  .   (gloves unavailable)
Will    .....                   (boots unavailable)
Stlth   +++.......              (no amulet)
HPRegen 0.08/turn               i - ring of protection from cold
MPRegen 0.11/turn               (no ring)

@: very quick
A: very small, no large weapons, unfitting armour, see invisible, speed 3
a: Renounce Religion, Evoke Blink, Potion Petition, Call Merchant, Bribe Branch


You were on level 4 of the Dungeon.
You worshipped Gozag.
Gozag was aware of your devotion.
You visited 1 branch of the dungeon, and saw 4 of its levels.

You collected 285 gold pieces.
You paid 35 gold pieces to Gozag.

Inventory:

Hand Weapons
 a - a +0 hunting sling
 j - the +11 double sword of the Boar (weapon) {freeze, +Blink Int+3 Dex+2}
   (You acquired it on level 4 of the Dungeon)

   It freezes those it strikes, dealing additional cold damage.
   It can also slow down cold-blooded creatures.
   Int:       It affects your intelligence (+3).
   Dex:       It affects your dexterity (+2).
   +Blink:    It lets you blink.
 m - a +4 dagger
Missiles
 b - 161 stones (quivered)
 c - 18 sling bullets
Armour
 d - a +0 robe (worn)
 f - a +2 cloak of poison resistance (worn)
Jewellery
 i - a ring of protection from cold (left hand)
 o - a +4 ring of slaying
 w - a ring of protection from fire
Wands
 t - a wand of digging (5)
Scrolls
 h - a scroll of enchant armour
 k - a scroll of fear
 q - a scroll of amnesia
 s - 2 scrolls of magic mapping
Potions
 e - 4 potions of curing
 g - a potion of mutation {unknown}
 p - a potion of resistance
 r - 3 potions of flight


   Skills:
 - Level 2.0 Fighting
 * Level 0.0 Long Blades
 + Level 5.0 Slings
 + Level 4.2 Dodging
 + Level 3.7 Stealth
 - Level 1.3 Spellcasting
 - Level 3.6 Hexes


You had 4 spell levels left.
You knew the following spells:

 Your Spells              Type           Power      Damage    Failure   Level
b - Slow                  Hex            13%        N/A       7%          2

Your spell library contained the following spells:

 Spells                   Type           Power      Damage    Failure   Level
 Corona                   Hex            14%        N/A       4%          1
 Confusing Touch          Hex            13%        N/A       14%         3
 Inner Flame              Hex/Fire       7%         N/A       30%         3
 Portal Projectile        Hex/Tloc       14%        N/A       30%         3
 Cause Fear               Hex            6%         N/A       43%         4
 Vampiric Draining        Necr           0%         2d6       52%         3
 Summon Forest            Summ/Tloc      0%         N/A       99%         5
 Eringya's Noxious Bog    Tmut/Pois      0%         N/A       100%        6
 Summon Hydra             Summ           0%         N/A       100%        7


Dungeon Overview and Level Annotations

Branches:
Dungeon (4/15)
 Temple: D:4-7

Altars:
Gozag

Annotations:
D:4 1 transporter, Harkinian's ghost, amateur HOMo; Pikel


Innate Abilities, Weirdness & Mutations

You are very small and have problems with some larger weapons.
You are too small for most types of armour.
You have supernaturally acute eyesight. (SInv)
You cover ground extremely quickly. (Speed+++)


Message History

The lemure misses you. The lemure closely misses you.
You hit the lemure. You freeze the lemure.
You kill the lemure!
That felt strangely unrewarding. 2 orcs come into view.
An orc is wielding a +2 whip of holy wrath.
The orc shouts!
The orc moves out of view.
An orc warrior comes into view. It is wielding a +0 halberd.
There is an escape hatch in the ceiling here.
The orc warrior shouts!
There is a stone staircase leading up here.
You closely miss the orc.
The orc hits you with a +2 whip of holy wrath!
The orc hits you with a +0 hand axe. The orc warrior completely misses you.
The orc closely misses you.
You riposte.
You slash the orc! You freeze the orc.
You kill the orc!
The orc misses you.
You riposte.
You slash the orc! You freeze the orc.
You kill the orc!
The orc warrior throws a boomerang.
The boomerang hits you.
Things that are here:
6 gold pieces; a +0 hand axe; a +0 leather armour
There is a stone staircase leading up here.
You climb upwards.
There is a stone staircase leading down, spattered with blood here.
You start resting.
HP restored.
You climb downwards.
Level annotation: 1 transporter, Harkinian's ghost, amateur HOMo; Pikel The orc warrior throws a boomerang.
The boomerang barely misses you.
There is a stone staircase leading up here.
The orc warrior hits you with a +0 halberd!!
Ouch! That really hurt!
Things that are here:
6 gold pieces; a +0 leather armour; a +0 hand axe You barely miss the orc warrior.
The orc warrior barely misses you.
You riposte.
You barely miss the orc warrior.
The orc warrior throws a boomerang.
The boomerang hits you!
You die...
Your body crumbles into a pile of gold.

...............###..........##...
..,##.........###............#...
...#............##.....##........
##.#........................##...
.............#.............###...
...#..#......#.#..#.......####...
(..#..##...#.#$#.##...#......#...
..............o$.....#####.......
.............###@.....####..##...
...#............#<##....#..###...
..####..#......##..[.......###...
.#* #.##......##.........##.#...
#* ###.........................
###.........<....(......##
**#............#.#........
*.............######...##.
***......###..### ##..#..


You could see an orc warrior.

Vanquished Creatures
  4 lemures
  Jessica (D:2)
  An orc wizard (D:1)
  4 gnolls
  6 adders
  6 dart slugs
  9 orcs
  5 endoplasms
  4 giant cockroaches
  4 hobgoblins
  4 jackals (D:1)
  4 quokkas
  6 ball pythons
  5 bats
  5 goblins
  6 kobolds
  2 rats
76 creatures vanquished.

Notes
Turn   | Place    | Note
-------+----------+-------------------------------------------
     0 | D:1      | Spaninq the Spriggan Arcane Marksman began the quest for
                  | the Orb.
     0 | D:1      | Reached XP level 1. HP: 9/9 MP: 3/3
   110 | D:1      | Reached skill level 1 in Fighting
   148 | D:1      | Reached skill level 1 in Stealth
   148 | D:1      | Reached XP level 2. HP: 14/14 MP: 5/5
   304 | D:1      | Reached skill level 3 in Slings
   623 | D:1      | Learned a level 2 spell: Slow
   885 | D:2      | Reached XP level 3. HP: 9/18 MP: 6/6
  1343 | D:2      | Reached XP level 4. HP: 18/22 MP: 7/7
  1821 | D:1      | Reached skill level 4 in Slings
  2112 | D:2      | Noticed Jessica
  2130 | D:2      | Killed Jessica
  2131 | D:2      | Reached XP level 5. HP: 26/26 MP: 2/8
  2342 | D:2      | Found a faded altar of an unknown god.
  2747 | D:3      | Found an opulent altar of Gozag.
  2793 | D:3      | Became a worshipper of Gozag Ym Sagoz the Greedy
  2928 | D:3      | Noticed a sky beast
  3832 | D:4      | Found a transporter.
  3916 | D:4      | Noticed Harkinian's ghost (amateur HOMo)
  3979 | D:4      | Reached skill level 5 in Slings
  4248 | D:4      | Noticed a lemure
  4253 | D:4      | Noticed a lemure
  4253 | D:4      | Noticed a lemure
  4256 | D:4      | Noticed Pikel
  4256 | D:4      | Noticed a lemure
  4430 | D:3      | HP: 1/26 [lemure[Pikel] (8)]
  4435 | D:3      | Killed a lemure
  4960 | D:4      | Identified a scroll of acquirement
  4960 | D:4      | Acquired the +11 double sword of the Boar {freeze, +Blink
                  | Int+3 Dex+2}
  5050 | D:4      | Killed a lemure
  5054 | D:4      | Killed a lemure
  5082 | D:4      | Killed a lemure
  5095 | D:4      | Noticed an orc warrior
  5254 | D:4      | Hit by a boomerang thrown by an orc warrior

Illustrated notes

Levels and vault maps discovered:
D:1:      lightli_arrival_maybe_door_vault, layout_basic
D:2:      layout_loops_ring, shapermc_ecumenical_altar_pompeii,
          kennysheep_jessica_study
D:3:      layout_loops_cross, nicolae_gozag_cash_rules_everything_around_me
D:4:      layout_cave_pools, xom_redecorated, gammafunk_ghost_arena,
          corexii_item_surrounded_by_moat, hex_tiny, uniq_pikel

Skill      XL: |  1  2  3  4  5 |
---------------+----------------+-----
Fighting       | 1 2 |  2.0
Stealth        | 1 2 3 |  3.7
Dodging        | 3 4 |  4.2
Slings         | 3 4 5 |  5.0
Spellcasting   | |  1.3
Hexes          | |  3.6

Action                   |  1- 3 |  4- 6 || total
-------------------------+-------+-------++-------
Melee: Dagger            |    29 |    81 ||   110
       Double sword      |       |     9 ||     9
 Fire: Hunting sling     |    82 |   137 ||   219
 Cast: Slow              |       |    12 ||    12
  Use: Scroll            |       |    13 ||    13
       Potion            |       |     1 ||     1
Armor: Robe              |    13 |    16 ||    29
Dodge: Dodged            |    36 |    82 ||   118
       Rpst.: Double sword |       |     5 ||     5

Table legend: (Time is in decaauts)
 A = Elapsed time spent in this place.
 B = Non-inter-level travel time spent in this place.
 C = Inter-level travel time spent in this place.
 D = Time resting spent in this place.
 E = Time spent auto-exploring this place.
 F = Levels seen in this place.
 G = Mean time per level.
                   A        B        C        D        E       F      G
               +--------+--------+--------+--------+--------+-----+--------+
         Total |   3911 |   3610 |    301 |    887 |   1382 |   4 |  977.8 |
       Dungeon |   3911 |   3610 |    301 |    887 |   1382 |   4 |  977.8 |
               +--------+--------+--------+--------+--------+-----+--------+

Top non-repeatable levels by time:
     D:3: 1693 daAuts
     D:2: 892 daAuts
     D:1: 881 daAuts
     D:4: 443 daAuts
